 Dungeon Crawl Stone Soup version 0.18.1-5-g4a78601 (webtiles) character file.

184 HungrySpirit the Insei (level 5, -11/34 HPs)
             Began as a Kobold Monk on May 9, 2016.
             Mangled by Blork the orc
             ... wielding a +0 glaive
              (15 damage)
             ... on level 4 of the Dungeon.
             The game lasted 00:06:17 (4266 turns).

HungrySpirit the Insei (Kobold Monk)                Turns: 4266, Time: 00:06:18

Health: -11/34     AC:  3    Str:  9    XL:     5   Next: 96%
Magic:  5/5        EV: 18    Int:  8    God:
Gold:   314        SH:  0    Dex: 20    Spells: 0 memorised, 4 levels left

rFire  . . .     SeeInvis .       - Unarmed
rCold  . . .     Gourm    .     a - +0 robe
rNeg   . . .     Faith    .     (shield restricted)
rPois  .         Spirit   .     (no helmet)
rElec  .         Dismiss  .     o - +0 cloak
rCorr  .         Reflect  .     (no gloves)
SustAt .         Harm     .     (no boots)
MR     .....                    (no amulet)
Stlth  +++.......               (no ring)
                                (no ring)

@: very slightly contaminated, hasted, very quick, not resistant to hostile
enchantments, fairly stealthy
A: carnivore 3
a: no special abilities


You were on level 4 of the Dungeon.
You were not hungry.

You visited 1 branch of the dungeon, and saw 4 of its levels.

You collected 314 gold pieces.

Inventory:

Hand Weapons
 t - a +0 dagger of venom
Missiles
 r - 39 poisoned needles
Armour
 a - a +0 robe (worn)
 o - a +0 cloak (worn)
Jewellery
 h - an uncursed ring of resist corrosion {unknown}
Scrolls
 j - 4 scrolls of fear {unknown}
 l - 4 scrolls of teleportation {unknown}
 n - a scroll of blinking {unknown}
 q - 4 scrolls of remove curse {unknown}
 s - a scroll of amnesia {unknown}
 u - a scroll of random uselessness {unknown}
 v - a scroll of enchant weapon {unknown}
 y - a scroll of recharging {unknown}
Potions
 c - a potion of beneficial mutation {unknown}
 d - 2 potions of degeneration {unknown}
 f - 2 potions of heal wounds {unknown}
 g - 2 potions of mutation {unknown}
 i - a potion of resistance
 k - 8 potions of curing {unknown}
 m - a potion of magic
 w - a potion of might {unknown}
Comestibles
 b - 6 meat rations
 p - a beef jerky
 x - a slice of pizza


   Skills:
 + Level 4.4 Fighting
 + Level 4.7 Dodging
 - Level 2.6 Stealth
 * Level 5.5 Unarmed Combat


You had 4 spell levels left.
You didn't know any spells.

Dungeon Overview and Level Annotations

Branches:
Dungeon (4/15)
 Temple: D:4-7

Altars:
Fedhas
Makhleb
Ru
Sif Muna
Trog

Annotations:
D:4 Blork the orc; oplop's ghost, amateur OpTm


Innate Abilities, Weirdness & Mutations

You are small and have problems with some larger weapons.
You are carnivorous and can eat meat at any time.


Message History

You hit Blork the orc.
Blork the orc is heavily wounded.
You hit Blork the orc.
Blork the orc is heavily wounded.
Blork the orc misses you.
You closely miss Blork the orc. You punch Blork the orc.
Blork the orc is severely wounded.
You punch Blork the orc!
Blork the orc is almost dead.
Blork the orc casts a spell.
Blork the orc seems to speed up.
You hit Blork the orc.
Blork the orc is almost dead.
Blork the orc casts a spell at you. The puff of flame hits you!
* * * LOW HITPOINT WARNING * * *
You closely miss Blork the orc.
Blork the orc is almost dead.
Blork the orc hits you with a glaive!
You die...

###### #. .....# #.
.###.########.
...#.#.....##.###+######
...............o........
...#.#.###.##..#@......#
...#.#.# #...........#
.......# #...........#
..#..### #....#.......
..#..# #....########
..#..# #....#########
..#..# #............#
..#..# #...########.#
..##.# #............#


You could see Blork the orc.

Vanquished Creatures
  A giant frog skeleton (D:4)
  A worker ant (D:4)
  A gnoll (D:1)
  2 adders
  An adder zombie (D:4)
  A worm (D:2)
  3 dart slugs
  6 giant geckos
  9 orcs
  3 giant cockroaches
  7 hobgoblins
  5 jackals
  6 kobolds
  2 quokkas
  6 bats
  4 giant newts
  4 goblins (D:3)
  19 rats
81 creatures vanquished.

Notes
Turn   | Place    | Note
--------------------------------------------------------------
     0 | D:1      | HungrySpirit the Kobold Monk began the quest for the Orb.
     0 | D:1      | Reached XP level 1. HP: 14/14 MP: 1/1
    48 | D:1      | Reached XP level 2. HP: 13/19 MP: 2/2
   278 | D:1      | Reached XP level 3. HP: 13/23 MP: 3/3
   966 | D:2      | Reached XP level 4. HP: 26/29 MP: 4/4
  1746 | D:2      | Found a blossoming altar of Fedhas.
  1897 | D:2      | Found a sacrificial altar of Ru.
  2022 | D:3      | Reached skill level 5 in Unarmed Combat
  2313 | D:3      | Found a bloodstained altar of Trog.
  2461 | D:3      | Reached XP level 5. HP: 31/33 MP: 5/5
  2516 | D:3      | Noticed an orc warrior
  3301 | D:3      | Found a burning altar of Makhleb.
  3497 | D:4      | Found a sacrificial altar of Ru.
  3945 | D:4      | Found a deep blue altar of Sif Muna.
  3955 | D:4      | Noticed oplop's ghost (amateur OpTm)
  4145 | D:4      | Noticed Blork the orc
  4266 | D:4      | Mangled by Blork the orc

Skill      XL: |  1  2  3  4 |
---------------+-------------+-----
Dodging        | 4 |  4.7
Fighting       | 4 |  4.4
Unarmed Combat | 5 |  5.5
Stealth        | |  2.6

Action                   |  1- 3 |  4- 6 || total
-------------------------+-------+-------++-------
Melee: Unarmed           |    97 |   161 ||   258
       Punch             |     1 |     4 ||     5
  Use: Scroll            |       |     3 ||     3
       Potion            |       |     1 ||     1
 Stab: Sleeping          |     7 |     8 ||    15
       Distracted        |       |     1 ||     1
  Eat: Chunk             |       |    13 ||    13
Armor: Robe              |     4 |    21 ||    25
Dodge: Dodged            |    56 |   132 ||   188
